 Dungeon Crawl Stone Soup version 0.31.0-12-g77e489cdc1 (webtiles) character file.

Game seed: 7552843764205799086

3925 Silvore the Cleaver (level 10, -1/77 (86) HPs)
             Began as a Minotaur Fighter on Feb 22, 2024.
             Was a Priest of Okawaru.
             Slain by a wolf (8 damage)
             ... in a bailey.
             The game lasted 00:09:11 (6579 turns).

Silvore the Cleaver (Minotaur Fighter)              Turns: 6579, Time: 00:09:11

HP:   -1/77 (86)    AC: 19    Str: 31    XL:     10   Next: 1%
MP:   9/9           EV: 10    Int:  5    God:    Okawaru [***...]
Gold: 564           SH: 11    Dex: 10    Spells: 9/9 levels left

rFire   . . .        a - +1 war axe
rCold   . . .        c - +0 buckler
rNeg    . . .        f - +0 chain mail
rPois   .            (helmet restricted)
rElec   .            q - +0 cloak
rCorr   .            E - +2 pair of gloves
SInv    +            p - +2 pair of boots
Will    .....        j - amulet of reflection Stlth
                     m - ring of see invisible
HPRegen 0.32/turn    B - +6 ring of strength
MPRegen 0.11/turn

%: reflection
@: heavily drained
A: horns 2, retaliatory headbutt
a: Renounce Religion, Heroism


You were in a bailey.
You worshipped Okawaru.
Okawaru was most pleased with you.
You visited 2 branches of the dungeon, and saw 9 of its levels.
You also visited: Bailey.

You collected 609 gold pieces.
You spent 45 gold pieces at shops.

Inventory:

Hand Weapons
 a - a +1 war axe (weapon)
 v - a -3 demon blade
 J - the +4 morningstar of Corporal Punishment {heavy, rC+}
   (You found it in a bailey)

   rC+:       It protects you from cold.
Missiles
 I - 4 throwing nets (quivered)
Armour
 b - a +0 scale mail
 c - a +0 buckler (worn)
 f - a +0 chain mail (worn)
 p - a +2 pair of boots (worn)
 q - a +0 cloak (worn)
 D - a +0 pair of gloves
 E - a +2 pair of gloves (worn)
Magical Staves
 z - the staff "Ycwixyll" {rC+ rN+ Str+4 Necro}
   (You found it in a bailey)

   [staff of death]

   Base accuracy: +5 Base damage: 5 Base attack delay: 1.2 This weapon's minimum
   attack delay (0.6) is reached at skill level 12.
   Str+4:     It affects your strength (+4).
   rC+:       It protects you from cold.
   rN+:       It protects you from negative energy.
   Necro:     It increases the power of your Necromancy spells.
   It falls into the 'Staves' category.
   It is a one-handed weapon.
Jewellery
 j - an amulet of reflection (around neck)
 m - a ring of see invisible (left hand)
 B - a +6 ring of strength (right hand)
 F - a +6 ring of dexterity
 H - an amulet of faith
Wands
 o - a wand of roots (8)
 u - a wand of quicksilver (9)
 y - a wand of flame (33)
Scrolls
 h - a scroll of revelation
 s - a scroll of teleportation
 A - 2 scrolls of silence
 C - 2 scrolls of enchant armour
Potions
 d - 2 potions of enlightenment
 e - a potion of attraction {unknown}
 g - 3 potions of mutation
 i - a potion of ambrosia {unknown}
 k - a potion of resistance {unknown}
 l - 3 potions of brilliance
 n - a potion of curing {unknown}
 r - 4 potions of degeneration
 t - a potion of heal wounds {unknown}
 w - a potion of berserk rage {unknown}
 x - 2 potions of cancellation {unknown}
Miscellaneous
 G - a lightning rod (4/4)


   Skills:
 + Level 7.5 Fighting
 + Level 10.9 Axes
 + Level 8.9 Armour
 + Level 2.8 Dodging
 + Level 0.9 Stealth
 + Level 8.7 Shields


You had 9 spell levels left.
You didn't know any spells.
Your spell library contained the following spells:

 Spells                   Type           Power      Damage    Failure   Level
 Ensorcelled Hibernation  Hex/Ice        0%         N/A       96%         2
 Mercury Vapours          Alch/Air       0%         N/A       96%         2
 Frozen Ramparts          Ice            0%         1d1       99%         3
 Fugue of the Fallen      Necr           0%         N/A       99%         3
 Hailstorm                Conj/Ice       0%         3d5       99%         3
 Mephitic Cloud           Conj/Alch/Air  0%         N/A       99%         3
 Ozocubu's Armour         Ice            0%         N/A       99%         3
 Passwall                 Erth           0%         N/A       99%         3
 Sigil of Binding         Hex            0%         N/A       99%         3
 Swiftness                Air            0%         N/A       99%         3
 Dimensional Bullseye     Hex/Tloc       0%         N/A       100%        4
 Leda's Liquefaction      Alch/Erth      0%         N/A       100%        4
 Manifold Assault         Tloc           0%         N/A       100%        4
 Petrify                  Alch/Erth      0%         N/A       100%        4
 Freezing Cloud           Conj/Ice/Air   0%         6-21      100%        5
 Metabolic Englaciation   Hex/Ice        0%         N/A       100%        5
 Call Canine Familiar     Summ           Unusable   N/A       N/A         3
 Summon Ice Beast         Ice/Summ       Unusable   N/A       N/A         3
 Sculpt Simulacrum        Ice/Alch       Unusable   N/A       N/A         6

Dungeon Overview and Level Annotations

Branches:
Dungeon (9/15)             Temple (1/1) D:5          Bailey (1/1)
   Lair: D:8-11         Orc: D:9-12

Altars:
Ashenzari
Cheibriados
Dithmenos
Elyvilon
Fedhas
Gozag
Kikubaaqudgha
Nemelex Xobeh
Okawaru
Qazlal
Ru
Sif Muna
Uskayaw
Vehumet
Wu Jian
Xom
Yredelemnul
Zin
The Shining One

Shops:
D:4 *   D:6 :   D:7 (*:   D:9 =[

Annotations:
D:6 3 runed translucent doors, Gadfly's ghost, novice OnBe
D:7 1 runed translucent door, Crazy Yiuf


Innate Abilities, Weirdness & Mutations

You have a pair of horns on your head.
You reflexively headbutt those who attack you in melee.


Message History

The gnoll sergeant hits you but does no damage.
You have reached level 10!
You slash the wolf! Your headbutt misses the wolf.
The wolf is severely wounded.
You block the wolf's attack. x2
The gnoll sergeant hits you but does no damage.
You closely miss the wolf.
The wolf is severely wounded.
The wolf misses you. You block the gnoll sergeant's attack.
You block the wolf's attack.
Unknown command.
You miss the wolf. Your headbutt misses the wolf.
The wolf is severely wounded.
The wolf bites you. You block the gnoll sergeant's attack.
You barely miss the wolf. Your headbutt misses the wolf.
The wolf is severely wounded.
The wolf bites you.
The gnoll sergeant hits you but does no damage.
The wolf bites you but does no damage.
You barely miss the wolf.
The wolf is severely wounded.
The wolf bites you but does no damage.
Unknown command.
You closely miss the wolf. Your headbutt misses the wolf.
The wolf is severely wounded.
The wolf bites you but does no damage.
The gnoll hits you from afar with a +0 halberd.
The gnoll sergeant hits you from afar with a +0 halberd!
* * * LOW HITPOINT WARNING * * *
You block the wolf's attack. The wolf bites you but does no damage.
The gnoll barely misses you. The gnoll sergeant closely misses you.
You block the wolf's attack.
You hit the gnoll sergeant but do no damage.
Your headbutt misses the gnoll sergeant.
You closely miss the gnoll. You hit the wolf but do no damage.
The gnoll sergeant hits you with a +0 halberd!
* * * LOW HITPOINT WARNING * * *
The gnoll closely misses you. You furiously retaliate!
You headbutt the gnoll! The wolf bites you!
You die...

♣♣≈≈ghh#############...≈≈♣
♣.≈gh### .....8.##...≈♣
♣♣.≈g.# ........##..≈♣
♣..≈..# .......#..≈♣ ♣..≈gg#
#####.....#..≈♣ ♣♣..≈..#
##...##..))#..≈♣
♣...≈..######.....###)##..≈♣
...)...'...#.).gh..#))....≈♣
∩...)..'...').)8@..'.†....≈♣
.......'(..#..)g.))#......≈♣
♣...≈..######.....###'##..≈♣
♣...≈..#.'..##...##)...#..≈♣
♣...≈..#.#...#####))...#..≈♣
♣♣..≈..#.#....)).......#..≈♣
♣♣.≈..#.#....)#......##..≈♣
♣.≈..###.8...#...8.## ≈♣
♣♣≈≈...#############


You could see a gnoll sergeant, a wolf and a gnoll.

Vanquished Creatures
  Grinder (D:3)
  Prince Ribbit (D:9)
  A steam dragon (D:7)
  Grum (Bailey)
  A water moccasin (D:4)
  An orc warrior (D:9)
  A black bear (D:5)
  An ogre (D:4)
  2 centaurs (D:7)
  5 wolves (Bailey)
  A phantom (D:5)
  A kobold brigand (D:7)
  2 bullfrogs
  7 gnoll sergeants (Bailey)
  A scorpion (D:5)
  7 wights
  3 howler monkeys (D:7)
  3 bombardier beetles
  2 quasits (D:6)
  4 hounds
  An orc priest (D:3)
  6 gnoll boudas
  Natasha (twice) (D:3)
  2 iguanas
  6 orc wizards
  14 gnolls
  9 adders
  2 shadow imps (D:6)
  3 white imps
  An ufetubus (D:6)
  A dart slug (D:2)
  A ribbon worm (D:2)
  16 orcs
  5 endoplasms
  4 giant cockroaches
  6 goblins
  7 hobgoblins
  4 quokkas (D:3)
  5 ball pythons
  5 bats
  3 frilled lizards
  10 kobolds
  4 rats
163 creatures vanquished.

Notes
Turn   | Place    | Note
-------+----------+-------------------------------------------
     0 | D:1      | Silvore the Minotaur Fighter began the quest for the Orb.
     0 | D:1      | Reached XP level 1. HP: 19/19 MP: 0/0
   125 | D:1      | Reached XP level 2. HP: 27/27 MP: 1/1
   568 | D:2      | Reached skill level 3 in Axes
   635 | D:2      | Reached XP level 3. HP: 33/33 MP: 2/2
  1228 | D:2      | Reached XP level 4. HP: 39/40 MP: 3/3
  1543 | D:3      | Reached skill level 4 in Axes
  1644 | D:3      | Noticed Grinder
  1660 | D:3      | Killed Grinder
  1661 | D:3      | Reached skill level 5 in Axes
  1661 | D:3      | Reached XP level 5. HP: 29/47 MP: 4/4
  1661 | D:3      | Reached XP level 6. HP: 32/53 MP: 5/5
  1707 | D:3      | Reached skill level 6 in Axes
  1919 | D:3      | Noticed Natasha
  1926 | D:3      | Killed Natasha
  2106 | D:3      | Reached skill level 5 in Armour
  2135 | D:3      | Noticed Natasha
  2139 | D:3      | Killed Natasha
  2545 | D:4      | Noticed a water moccasin
  2550 | D:4      | Killed a water moccasin
  2551 | D:4      | Reached skill level 5 in Fighting
  2551 | D:4      | Reached skill level 7 in Axes
  2551 | D:4      | Reached XP level 7. HP: 58/61 MP: 6/6
  3038 | D:4      | Found Keittyfa's Lightly-Used Armoury.
  3050 | D:4      | Bought a -3 demon blade for 1 gold piece
  3401 | D:5      | Entered Level 5 of the Dungeon
  3467 | D:5      | Reached skill level 5 in Shields
  3718 | D:5      | Found a staircase to the Ecumenical Temple.
  3738 | Temple   | Entered the Ecumenical Temple
  3772 | Temple   | Became a worshipper of Warmaster Okawaru
  3851 | D:5      | Reached XP level 8. HP: 30/70 MP: 7/7
  3858 | D:5      | Reached skill level 1 in Dodging
  4333 | D:5      | Reached skill level 8 in Axes
  4555 | D:6      | Noticed a slime creature
  4555 | D:6      | Noticed Gadfly's ghost (novice OnBe)
  4570 | D:6      | Found a runed translucent gate.
  4570 | D:6      | Found a runed translucent gate.
  4578 | D:6      | Found Vetrosegu's Book Emporium.
  4634 | D:6      | Found a glowing golden altar of the Shining One.
  4918 | D:6      | Found a runed translucent gate.
  4980 | D:7      | Reached * piety under Okawaru
  5176 | D:7      | Found Koux's Assorted Antiques.
  5184 | D:7      | Bought a scroll of identify for 44 gold pieces
  5348 | D:7      | Reached skill level 9 in Axes
  5396 | D:7      | Found Vuifez's Antique Weapon Emporium.
  5484 | D:7      | Reached XP level 9. HP: 78/78 MP: 8/8
  5497 | D:7      | Found Fodweile's Antique Weapon Emporium.
  5553 | D:7      | Found Deddo's Book Boutique.
  5596 | D:7      | Found a runed translucent door.
  5597 | D:7      | Noticed Crazy Yiuf
  5676 | D:7      | You fall into a shaft and drop 2 floors!
  5676 | D:9      | Found a radiant altar of Vehumet.
  5676 | D:9      | Found a shadowy altar of Dithmenos.
  5729 | D:9      | Found Acvekaor's Antique Armour Shoppe.
  5753 | D:9      | Reached ** piety under Okawaru
  5798 | D:9      | Noticed Prince Ribbit
  5847 | D:9      | Killed Prince Ribbit
  5860 | D:9      | Found Vakibbal's Jewellery Shoppe.
  5907 | D:9      | Found a flagged portal.
  5916 | Bailey   | Entered a bailey
  5998 | Bailey   | Reached skill level 10 in Axes
  6272 | Bailey   | Identified the staff "Ycwixyll" {rC+ rN+ Str+4 Necro}
  6276 | Bailey   | Identified the +4 morningstar of Corporal Punishment
                  | {heavy, rC+}
  6397 | Bailey   | Noticed Grum
  6402 | Bailey   | Reached *** piety under Okawaru
  6570 | Bailey   | Killed Grum
  6572 | Bailey   | Reached XP level 10. HP: 39/77 MP: 9/9
  6579 | Bailey   | Slain by a wolf

Illustrated notes

Levels and vault maps discovered:
D:1:      lemuel_arrival_funnel, layout_rooms, minmay_misc_feat_room,
          amcnicky_mini_rare_corridor_liquid, nicolae_twisty_statue_hallways
D:2:      layout_basic
D:3:      layout_loops_corners, minivault_24, kennysheep_orc_chapel,
          uniq_grinder, uniq_natasha
D:4:      layout_loops_cross, serial_glass, glass_columns_c, glass_columns_c,
          glass_columns_b, glass_columns_b, glass_columns_c, grunt_ministairs_6,
          corexii_corridor_pit, minmay_shop_damaged,
          minmay_fractal_squares_diagonal_5
D:5:      layout_basic, minmay_temple_entry_junction
D:6:      layout_rooms, mainiacjoe_overflow_tiny_flanked, serial_demonic,
          serial_demonic_d, serial_demonic_f, serial_demonic_a,
          serial_demonic_f, gammafunk_ghost_split, serial_shops, shop
D:7:      layout_basic, serial_shops, nicolae_shop_gibbet_a_chance,
          nicolae_square_shop, shop, shop, shop, minmay_gold_behind_fungi,
          uniq_crazy_yiuf_cottage
D:9:      layout_irregular_city, nicolae_overflow_two_pavilions, serial_shops,
          shop, shop, nicolae_shop_getting_attention, enter_bailey_1,
          uniq_prince_ribbit1
Temple:   nicolae_temple_slightly_damp_pantheon
Bailey:   bailey_polearm_gnolls_kennysheep, bailey

Skill      XL: |  1  2  3  4  5  6  7  8  9 |
---------------+----------------------------+-----
Fighting       | 4 5 6 7 |  7.5
Armour         | 4 5 7 8 |  8.9
Axes           | 3 5 7 9 10 | 10.9
Shields        | 4 5 7 8 |  8.7
Dodging        | 1 2 |  2.8
Stealth        | |  0.9

Action                     |  1- 3 |  4- 6 |  7- 9 | 10-12 || total
---------------------------+-------+-------+-------+-------++-------
  Melee: War axe           |    77 |    43 |   280 |     7 ||   407
         Headbutt          |     4 |    10 |    52 |       ||    66
    Use: Scroll            |     1 |     5 |     9 |       ||    15
         Potion            |       |     1 |     2 |       ||     3
 Armour: Chain mail        |    57 |    32 |   237 |    12 ||   338
         Scale mail        |     1 |       |       |       ||     1
  Dodge: Dodged            |    27 |     7 |   146 |     4 ||   184
  Block: Buckler           |    39 |    12 |   226 |     7 ||   284
         Reflection        |       |       |     9 |       ||     9
